 Dungeon Sprint DCSS version 0.29-a0-338-g1ff7896281 (webtiles) character file.

Game seed: 6799687835688762440

11508 HendSelp the Phalangite (level 11, -9/110 HPs)
             Began as a Merfolk Gladiator on Apr 18, 2022.
             Was the Champion of Qazlal.
             Mangled by an orc warrior
             ... wielding a +0 hand axe
              (17 damage)
             ... in the Dungeon (Sprint IX: "|||||||||||||||||||||||||||||").
             The game lasted 00:04:43 (2676 turns).

HendSelp the Phalangite (Merfolk Gladiator)         Turns: 2676, Time: 00:04:44

Health: -9/110     AC: 21    Str: 20    XL:     11   Next: 78%
Magic:  11/11      EV: 11    Int:  7    God:    Qazlal [******]
Gold:   40         SH:  8    Dex: 18    Spells: 10/10 levels left

rFire   . . .      SeeInvis .   o - +4 halberd (venom)
rCold   . . .      Faith    +   (shield currently unavailable)
rNeg    . . .      Spirit   .   q - +2 plate armour
rPois   .          Reflect  .   c - +0 helmet
rElec   .          Harm     .   p - +0 cloak
rCorr   .          Rampage  .   a - +0 pair of gloves
Will    .....      NoTele   +   f - +0 pair of boots
Stlth   ..........              h - amulet of faith
HPRegen 0.28/turn               r - +2 ring of protection
MPRegen 0.12/turn               s - +3 ring of strength

@: protected from physical damage, repel missiles
A: (nimble swimmer 2), mertail
a: Renounce Religion, Upheaval, Elemental Force, Disaster Area


You were in the Dungeon.
You worshipped Qazlal.
Qazlal was exalted by your worship.
You visited 1 branch You collected 40 gold pieces.

Inventory:

Hand Weapons
 o - a +4 halberd of venom (weapon)
Missiles
 d - 3 throwing nets
 e - a javelin
Armour
 a - a +0 pair of gloves (worn)
 c - a +0 helmet (worn)
 f - a +0 pair of boots (worn)
 p - a +0 cloak (worn)
 q - a +2 plate armour (worn)
Jewellery
 h - an amulet of faith (around neck)
 r - a +2 ring of protection (left hand)
 s - a +3 ring of strength (right hand)
Wands
 j - a wand of acid (6)
 n - a wand of iceblast (6) (quivered)
Scrolls
 m - 2 scrolls of amnesia
 u - a scroll of fog
 v - a scroll of identify
Potions
 b - a potion of heal wounds
 g - 2 potions of berserk rage
 i - 4 potions of magic
 l - 2 potions of curing


   Skills:
 * Level 18.7 Fighting
 * Level 26.7 Polearms
 - Level 2.0 Throwing
 + Level 12.1 Dodging


You had 10 spell levels left.
You didn't know any spells.
Your spell library was empty.

Dungeon Overview and Level Annotations

Branches:
Dungeon (1/1)

Altars:
Cheibriados
Dithmenos
Elyvilon
Fedhas
Gozag
Hepliaklqana
Kikubaaqudgha
Makhleb
Nemelex Xobeh
Okawaru
Qazlal
Ru
Sif Muna
Trog
Uskayaw
Vehumet
Wu Jian
Xom
Yredelemnul
Zin
The Shining One
Beogh
Jiyva
Lugonu


Innate Abilities, Weirdness & Mutations

((You are very nimble when in or above water. (Stealth+, EV+, Speed+++)))
Your lower body shifts to a powerful aquatic tail in water.


Message History

You hear a shout!
The orc knight hits you with a +0 halberd!
You puncture the orc knight!
The orc knight looks as sick as possible!
The orc knight is heavily wounded.
You slash the orc knight!
The orc knight looks as sick as possible!
The orc knight is severely wounded.
The orc knight hits you with a +0 halberd!
You feel more protected from physical attacks.
Unknown command.
You hit the orc knight but do no damage.
The orc knight looks as sick as possible!
The orc knight is severely wounded.
An orc wizard comes into view. It is wielding a +2 dagger of speed.
The orc knight hits you with a +0 halberd!
Unknown command.
You hit the orc knight.
The orc knight looks as sick as possible!
The orc knight is almost dead.
The orc wizard gestures wildly while chanting.
The orc wizard flickers and vanishes!
Deactivating autopickup; reactivate with Ctrl-A.
The orc knight hits you with a +0 halberd!!
* * * LOW HITPOINT WARNING * * *
You feel more protected from physical attacks.
You puncture the orc knight!
The orc knight looks as sick as possible!
The orc knight is almost dead.
You kill the orc knight!
Qazlal accepts your kill.
An orc comes into view. It is wielding a +0 trident.
The orc shouts!
The orc no longer looks unusually strong.
You block the orc warrior's attack.
Items here: $ ) [ †.
Unknown command.
The orc warrior attacks as you move away!
The orc warrior hits you with a +0 hand axe!
You die...

▓<..)'..)..'.....'_______________
▓▓▓▓▓▓▓▓▓▓▓▓▓▓▓▓▓▓▓▓▓▓▓▓▓▓▓▓▓▓▓▓▓
▓.......................)........
▓.▓▓▓▓▓▓▓▓▓▓▓▓▓▓▓▓▓▓▓▓▓▓▓▓▓▓▓▓▓▓▓
▓.......'.†.†...[....†††.....†..'
▓▓▓▓▓▓▓▓▓▓▓▓▓▓▓▓▓▓▓▓▓▓▓▓▓▓▓▓▓▓▓▓▓
▓................................
▓.▓▓▓▓▓▓▓▓▓▓▓▓▓▓▓▓▓▓▓▓▓▓▓▓▓▓▓▓▓▓▓
▓.............))@o{oooo.
▓▓▓▓▓▓▓▓▓▓▓▓▓▓▓▓▓▓▓▓▓▓▓▓


You could see an orc warrior (strong), an orc wizard (strong) and 3 orcs.

Vanquished Creatures
  4 hydras (D)
  Erica (D)
  A two-headed ogre (D)
  A centaur warrior (D)
  A death yak (D)
  A tengu warrior (D)
  A deep elf pyromancer (D)
  2 orc knights (D)
  2 elephants (D)
  A kobold demonologist (D)
  2 komodo dragons (D)
  An unseen horror (D)
  Psyche (D)
  4 polar bears (D)
  A blink frog (D)
  A shadow (D)
  A wyvern (D)
  A wraith (D)
  A basilisk (D)
  5 water moccasins (D)
  4 black bears (D)
  A wolf (D)
  A centaur (D)
  A bullfrog (D)
  2 scorpions (D)
  A hound (D)
  4 orc wizards (D)
  An adder (D)
  An orc (D)
  A giant cockroach (D)
  A hobgoblin (D)
  A jackal (D)
  A ball python (D)
  2 bats (D)
55 creatures vanquished.

Notes
Turn   | Place    | Note
-------+----------+-------------------------------------------
     0 | D        | HendSelp the Merfolk Gladiator began the quest for the Orb.
     0 | D        | Reached XP level 1. HP: 16/16 MP: 1/1
    12 | D        | Reached skill level 5 in Polearms
   107 | D        | Noticed a scorpion
   107 | D        | Noticed a hound
   107 | D        | Noticed a scorpion
   113 | D        | Killed a scorpion
   114 | D        | Reached skill level 8 in Polearms
   114 | D        | Reached XP level 2. HP: 17/25 MP: 2/2
   114 | D        | Reached XP level 3. HP: 20/30 MP: 3/3
   114 | D        | Reached XP level 4. HP: 25/37 MP: 4/4
   126 | D        | Reached skill level 9 in Polearms
   146 | D        | Killed a scorpion
   147 | D        | Reached skill level 5 in Fighting
   147 | D        | Reached skill level 11 in Polearms
   147 | D        | Reached XP level 5. HP: 37/44 MP: 5/5
   315 | D        | Found a snail-covered altar of Cheibriados.
   315 | D        | Found a shadowy altar of Dithmenos.
   315 | D        | Found a white marble altar of Elyvilon.
   315 | D        | Found a blossoming altar of Fedhas.
   315 | D        | Found an opulent altar of Gozag.
   316 | D        | Found a hazy altar of Hepliaklqana.
   317 | D        | Found a viscous altar of Jiyva.
   318 | D        | Found an ancient bone altar of Kikubaaqudgha.
   319 | D        | Found a corrupted altar of Lugonu.
   320 | D        | Found a burning altar of Makhleb.
   321 | D        | Found a sparkling altar of Nemelex Xobeh.
   322 | D        | Found an iron altar of Okawaru.
   323 | D        | Found a stormy altar of Qazlal.
   324 | D        | Found a sacrificial altar of Ru.
   325 | D        | Found a shimmering blue altar of Sif Muna.
   326 | D        | Found a bloodstained altar of Trog.
   327 | D        | Found a hide-covered altar of Uskayaw.
   328 | D        | Found a radiant altar of Vehumet.
   329 | D        | Found an ornate altar of the Wu Jian Council.
   330 | D        | Found a shimmering altar of Xom.
   331 | D        | Found a basalt altar of Yredelemnul.
   332 | D        | Found a glowing silver altar of Zin.
   333 | D        | Found a glowing golden altar of the Shining One.
   351 | D        | Became a worshipper of Qazlal Stormbringer
   409 | D        | Noticed a shadow
   409 | D        | Noticed a centaur
   409 | D        | Noticed a two-headed ogre
   419 | D        | Killed a shadow
   420 | D        | Reached skill level 13 in Polearms
   420 | D        | Reached XP level 6. HP: 18/55 MP: 6/6
   430 | D        | Killed a two-headed ogre
   430 | D        | Reached * piety under Qazlal
   431 | D        | Reached skill level 17 in Polearms
   431 | D        | Reached XP level 7. HP: 41/64 MP: 7/7
   431 | D        | Reached XP level 8. HP: 45/71 MP: 8/8
   446 | D        | Killed an unseen horror
   446 | D        | Reached ** piety under Qazlal
   447 | D        | Reached skill level 10 in Fighting
   447 | D        | Reached skill level 18 in Polearms
   662 | D        | Noticed a deep elf pyromancer
   662 | D        | Noticed a wraith
   662 | D        | Noticed a tengu warrior
   662 | D        | Noticed a centaur warrior
   662 | D        | Noticed a kobold demonologist
   667 | D        | Killed a deep elf pyromancer
   668 | D        | Reached skill level 19 in Polearms
   668 | D        | Reached skill level 10 in Dodging
   668 | D        | Reached XP level 9. HP: 72/79 MP: 9/9
   675 | D        | Reached skill level 20 in Polearms
   690 | D        | Noticed an ice devil
   737 | D        | Killed a tengu warrior
   738 | D        | Reached skill level 21 in Polearms
   754 | D        | HP: 1/82 [centaur warrior (6)]
   758 | D        | Killed a centaur warrior
   758 | D        | Reached *** piety under Qazlal
   761 | D        | Noticed a soul eater
   767 | D        | Reached skill level 22 in Polearms
   771 | D        | Killed a kobold demonologist
   772 | D        | Reached XP level 10. HP: 50/92 MP: 10/10
  1101 | D        | Noticed Psyche
  1109 | D        | Killed Psyche
  1180 | D        | Noticed an eight-headed hydra
  1182 | D        | Reached **** piety under Qazlal
  1182 | D        | Noticed a six-headed hydra
  1193 | D        | Reached skill level 23 in Polearms
  1201 | D        | Reached ***** piety under Qazlal
  1505 | D        | Killed a 15-headed hydra
  1511 | D        | Killed a 12-headed hydra
  1512 | D        | Reached skill level 15 in Fighting
  1512 | D        | Reached skill level 24 in Polearms
  1794 | D        | Noticed a six-headed hydra
  1794 | D        | Noticed an elephant
  1794 | D        | Noticed a death yak
  1794 | D        | Noticed an elephant
  1813 | D        | Killed an eight-headed hydra
  1816 | D        | Reached XP level 11. HP: 104/104 MP: 11/11
  1827 | D        | Reached ****** piety under Qazlal
  1836 | D        | Killed a death yak
  1837 | D        | Reached skill level 25 in Polearms
  1868 | D        | Noticed a seven-headed hydra
  1878 | D        | Killed an 11-headed hydra
  2237 | D        | Reached skill level 26 in Polearms
  2305 | D        | Noticed Erica
  2327 | D        | Killed Erica
  2655 | D        | Noticed an orc knight
  2657 | D        | Noticed an orc knight
  2662 | D        | Killed an orc knight
  2674 | D        | Killed an orc knight
  2676 | D        | Mangled by an orc warrior

Illustrated notes

Levels and vault maps discovered:
D:        linesprint [early_d, line_temple, items_1, d_10, items_2, lair_1,
          lair_end, items_3, orc_1, orc_end, items_4, d_15, swamp_1, shoals_1,
          snake_1, spider_1, d_20, vaults_1, items_5, swamp_end, shoals_end,
          snake_end, spider_end, vaults_end, d_27, items_6, zot_1, zot_end,
          crypt_end, forest_end, elf_end, slime_end, tomb_end, abyss_end,
          pan_hell_end]

Skill      XL: |  1  2  3  4  5  6  7  8  9 10 11 |
---------------+----------------------------------+-----
Polearms       | 8 11 13 17 19 22 24 26 | 26.7
Fighting       | 4 5 7 9 10 13 15 18 | 18.7
Dodging        | 6 7 8 9 10 11 12 | 12.1
Throwing       | |  2.0

Action                   |  1- 3 |  4- 6 |  7- 9 | 10-12 || total
-------------------------+-------+-------+-------+-------++-------
Melee: Trident           |    17 |    32 |       |       ||    49
       Halberd           |       |    14 |    52 |   143 ||   209
Throw: Javelin           |       |       |       |     1 ||     1
Evoke: Wand              |       |       |       |     5 ||     5
  Use: Potion            |     1 |     3 |     5 |     4 ||    13
       Scroll            |       |     1 |     1 |     5 ||     7
 Stab: Invisible         |       |       |       |     6 ||     6
Armor: Leather armour    |     6 |     5 |       |       ||    11
       Plate armour      |       |     4 |    30 |    66 ||   100
Dodge: Dodged            |     7 |    27 |    20 |    53 ||   107
Block: Other             |       |       |     5 |    28 ||    33

Table legend: (Time is in decaauts)
 A = Elapsed time spent in this place.
 B = Non-inter-level travel time spent in this place.
 C = Inter-level travel time spent in this place.
 D = Time resting spent in this place.
 E = Time spent auto-exploring this place.
 F = Levels seen in this place.
 G = Mean time per level.
                   A        B        C        D        E       F      G
               +--------+--------+--------+--------+--------+-----+--------+
         Total |   2581 |   2581 |      0 |   1701 |     93 |   1 | 2581.0 |
       Dungeon |   2581 |   2581 |      0 |   1701 |     93 |   1 | 2581.0 |
               +--------+--------+--------+--------+--------+-----+--------+

Top non-repeatable levels by time:
       D: 2581 daAuts
